 Dungeon Crawl Stone Soup version 0.24-a0-416-g56ce5178b7 (webtiles) character file.

Game seed: 11406892988597283410

16926 Azzok the Cleaver (level 12, 0/81 HPs)
             Began as a Formicid Fighter on June 9, 2019.
             Was the Champion of Okawaru.
             Slain by a two-headed ogre
             ... wielding a +0 giant spiked club
              (14 damage)
             ... on level 2 of the Orcish Mines.
             The game lasted 00:23:21 (16140 turns).

Azzok the Cleaver (Formicid Fighter)               Turns: 16140, Time: 00:23:21

Health: 0/81       AC: 15    Str: 30    XL:     12   Next: 76%
Magic:  0/19       EV: 10    Int:  8    God:    Okawaru [******]
Gold:   366        SH: 17    Dex: 13    Spells: 11/11 levels left

rFire    + . .     SeeInvis +   L - +1 broad axe of the Dove {elec, Fragile rN++ Str+4 Dex+3}
rCold    + . .     Gourm    .   s - +3 shield
rNeg     + + .     Faith    .   t - +0 plate armour
rPois    .         Spirit   +   (helmet unavailable)
rElec    .         Reflect  .   h - +0 cloak
rCorr    .         Harm     .   (no gloves)
MR       +....                  (no boots)
Stlth    ..........             v - amulet of guardian spirit
HPRegen  0.23/turn              D - ring of protection from fire
MPRegen  0.16/turn              y - ring of protection from cold

@: heroism
A: permanent stasis, dig shafts and tunnels, four strong arms, antennae 3
a: Dig, Shaft Self, Heroism, Finesse, Renounce Religion


You were on level 2 of the Orcish Mines.
You worshipped Okawaru.
Okawaru was exalted by your worship.
You were hungry.

You visited 3 branches of the dungeon, and saw 15 of its levels.

You collected 762 gold pieces.
You spent 396 gold pieces at shops.

Inventory:

Hand Weapons
 a - a +0 battleaxe of freezing
 b - a +3 quarterstaff of chaos
 m - a +0 broad axe
 x - a +2 flail of protection
 L - the +1 broad axe of the Dove (weapon) {elec, Fragile rN++ Str+4 Dex+3}
   (Okawaru gifted it to you on level 11 of the Dungeon)

   Occasionally, upon striking a foe, it will discharge some electrical energy
   and cause terrible harm.
   It affects your strength (+4).
   It affects your dexterity (+3).
   It greatly protects you from negative energy.
   It will be destroyed if unequipped.
Armour
 h - a +0 cloak (worn)
 o - a scarf of cloud immunity
 s - a +3 shield (worn)
 t - a +0 plate armour (worn)
Jewellery
 v - an amulet of guardian spirit (around neck)
 y - a ring of protection from cold (right hand)
 C - a cursed ring of protection from fire
 D - a ring of protection from fire (left hand)
Wands
 u - a wand of acid (5)
 K - a wand of iceblast (3)
 M - a wand of flame (11)
Scrolls
 e - 3 scrolls of identify
 j - 2 scrolls of fear
 l - 4 scrolls of remove curse
 q - 2 scrolls of enchant armour
 z - a scroll of enchant weapon
 B - a scroll of fog
 H - 2 scrolls of silence
Potions
 c - a potion of resistance
 d - 2 potions of might
 n - 4 potions of lignification
 p - a potion of mutation {unknown}
 r - 3 potions of cancellation
 w - 4 potions of curing
 E - 2 potions of agility
 F - a potion of invisibility
 G - 2 potions of ambrosia
Miscellaneous
 I - a box of beasts
Comestibles
 f - 18 rations


   Skills:
 - Level 3.2(8.2) Fighting
 + Level 14.7(19.7) Axes
 - Level 3.2(8.2) Armour
 - Level 9.1(14.1) Shields
 - Level 10.0 Invocations
 + Level 7.6 Evocations


You had 11 spell levels left.
You didn't know any spells.
Your spell library contained the following spells:

 Spells                   Type           Power        Failure   Level  Hunger
 Infusion                 Chrm           #...         98%         1    ##.....
 Sandblast                Erth           #.....       98%         1    ##.....
 Shock                    Conj/Air       #...         98%         1    ##.....
 Passwall                 Tmut/Erth      #.......     99%         2    ###....
 Shroud of Golubria       Chrm/Tloc      #.....       99%         2    ###....
 Song of Slaying          Chrm           #.......     99%         2    ###....
 Swiftness                Chrm/Air       #.......     99%         2    ###....
 Regeneration             Chrm/Necr      #.........   100%        3    ####...
 Spectral Weapon          Hex/Chrm       #.......     100%        3    ####...
 Static Discharge         Conj/Air       #.......     100%        3    ####...
 Stone Arrow              Conj/Erth      #.....       100%        3    ####...
 Airstrike                Air            #.........   100%        4    #####..
 Petrify                  Tmut/Erth      #.......     100%        4    #####..
 Lee's Rapid Deconstruct  Erth           #.........   100%        5    ######.
 Lightning Bolt           Conj/Air       #.........   100%        5    ######.


Dungeon Overview and Level Annotations

Branches:
Dungeon (12/15)            Temple (1/1) D:4            Lair (0/6) D:8
    Orc (2/2) D:12
    Elf: Orc:2

Altars:
Ashenzari
Cheibriados
Dithmenos
Elyvilon
Fedhas
Gozag
Kikubaaqudgha
Makhleb
Nemelex Xobeh
Okawaru
Ru
Sif Muna
Trog
Uskayaw
Vehumet
Xom
Zin
The Shining One

Shops:
D:8 !

Annotations:
D:8 1 runed translucent door, exclusion: door
D:9 2 runed translucent doors


Innate Abilities, Weirdness & Mutations

You cannot be hasted, slowed, berserked, paralysed or teleported.
You can dig through walls and to a lower floor.
Your four strong arms can wield two-handed weapons with a shield.
You have a pair of large antennae on your head. (SInv)


Message History

You barely miss the two-headed ogre.
The two-headed ogre is severely wounded.
You slice the two-headed ogre!!
Lightning courses through the two-headed ogre!
You barely miss the troll.
The two-headed ogre hits you but does no damage. x2
The troll bites you!
* * * LOW HITPOINT WARNING * * *
The troll completely misses you. You block the troll's attack.
You slash the two-headed ogre!
The two-headed ogre is almost dead.
You slash the troll! You hit the two-headed ogre.
You kill the two-headed ogre!
Okawaru is honoured by your kill.
A troll comes into view.
The troll barely misses you. The troll claws you but does no damage.
The troll completely misses you.
The two-headed ogre hits you with a +0 giant spiked club!
* * * LOW MAGIC WARNING * * *
You die...

▒▒▒▒▒▒ ▒▒ ▒
▒▒·▒$·▒▒·▒·▒▒
▒▒···········▒
·▒·····$······▒
·······@·····▒▒
·▒··<·TOo····▒
··········O···▒
···▒▒··O··▒····
·· ▒O····$···▒
· ·T····O·▒··
·········o··
······T·····


You could see 2 two-headed ogres, a deep troll, 2 trolls, 3 ogres and 2 orcs.

Vanquished Creatures
  A hydra (D:11)
  A death knight (D:9)
  4 two-headed ogres
  A deep troll (Orc:1)
  An ugly thing (D:11)
  3 gargoyles
  2 centaur skeletons
  A tengu conjurer (D:9)
  2 trolls (D:11)
  A queen bee (D:8)
  A hornet (D:11)
  3 slime creatures (D:12)
  Prince Ribbit (D:5)
  A hippogriff (D:11)
  10 yaks
  2 wyverns (D:9)
  4 hungry ghosts
  Edmund (D:4)
  Duvessa (D:4)
  A water moccasin (D:11)
  2 orc warriors
  4 sky beasts
  2 eyes of draining (D:7)
  An ice beast (D:10)
  A necrophage (D:9)
  4 centaurs
  15 ogres
  A crocodile (D:11)
  2 big kobolds
  4 bullfrogs
  Dowan (D:4)
  A water moccasin zombie (D:6)
  2 scorpions
  A wyvern skeleton (D:9)
  16 killer bees
  10 wights
  4 howler monkeys
  6 crimson imps
  A bullfrog zombie (D:12)
  5 hounds
  3 jellies
  6 orc priests
  Crazy Yiuf (D:3)
  13 orc wizards
  2 bullfrog skeletons
  Terence (D:3)
  Ijyb (D:3)
  3 iguanas
  3 worker ants
  2 hound zombies
  2 hound skeletons
  A worker ant zombie (D:5)
  3 gnolls (D:8)
  18 adders
  A howler monkey skeleton (D:4)
  4 shadow imps
  2 oozes
  An adder skeleton (D:9)
  An adder zombie (D:9)
  A worm (D:3)
  3 dart slugs
  3 leopard geckos
  39 orcs
  4 giant cockroaches
  14 goblins
  7 hobgoblins
  9 jackals
  21 kobolds
  6 quokkas
  A ball python (D:3)
  3 bats
  4 frilled lizards
  A jackal skeleton (D:4)
  A leopard gecko skeleton (D:4)
  A leopard gecko zombie (D:9)
  7 rats
  3 fungi (D:3)
321 creatures vanquished.

Vanquished Creatures (others)
  An orc wizard (D:6)
  A jackal (D:5)
2 creatures vanquished.

Grand Total: 323 creatures vanquished

Notes
Turn   | Place    | Note
-------+----------+-------------------------------------------
     0 | D:1      | Azzok the Formicid Fighter began the quest for the Orb.
     0 | D:1      | Reached XP level 1. HP: 18/18 MP: 1/1
   143 | D:1      | Reached XP level 2. HP: 19/24 MP: 2/2
   485 | D:1      | Reached XP level 3. HP: 29/29 MP: 3/3
  1062 | D:2      | Reached skill level 3 in Axes
  1109 | D:2      | Found a sparkling altar of Nemelex Xobeh.
  1126 | D:2      | Reached XP level 4. HP: 32/35 MP: 4/4
  1142 | D:2      | Found a sacrificial altar of Ru.
  1668 | D:2      | Reached skill level 5 in Shields
  1861 | D:3      | Noticed Terence
  1888 | D:3      | Killed Terence
  1888 | D:3      | Reached XP level 5. HP: 41/41 MP: 5/5
  2022 | D:3      | Noticed Ijyb
  2208 | D:3      | Killed Ijyb
  2222 | D:3      | Reached skill level 4 in Axes
  2640 | D:3      | Reached XP level 6. HP: 22/47 MP: 6/6
  2979 | D:3      | Found a runed translucent door.
  2980 | D:3      | Noticed Crazy Yiuf
  2989 | D:3      | Killed Crazy Yiuf
  3537 | D:4      | Found a staircase to the Ecumenical Temple.
  3602 | Temple   | Entered the Ecumenical Temple
  3672 | Temple   | Became a worshipper of Warmaster Okawaru
  3834 | D:4      | Noticed Edmund
  3849 | D:4      | Reached skill level 5 in Axes
  3856 | D:4      | Killed Edmund
  3856 | D:4      | Reached * piety under Okawaru
  3856 | D:4      | Reached XP level 7. HP: 24/52 MP: 7/7
  4031 | D:4      | Noticed Duvessa
  4032 | D:4      | Noticed Dowan
  4045 | D:4      | Killed Duvessa
  4061 | D:4      | Killed Dowan
  4463 | D:5      | Entered Level 5 of the Dungeon
  4507 | D:5      | Reached skill level 6 in Axes
  4546 | D:5      | Reached XP level 8. HP: 31/58 MP: 3/8
  4997 | D:5      | Reached ** piety under Okawaru
  5224 | D:5      | Noticed Prince Ribbit
  5515 | D:5      | Killed Prince Ribbit
  5515 | D:5      | Reached skill level 7 in Axes
  5751 | D:6      | Reached skill level 1 in Invocations
  5918 | D:6      | Reached XP level 9. HP: 63/64 MP: 10/10
  6056 | D:6      | Reached skill level 8 in Axes
  6609 | D:6      | Found a snail-covered altar of Cheibriados.
  6662 | D:6      | Found a deep blue altar of Sif Muna.
  7061 | D:7      | Reached skill level 5 in Invocations
  7174 | D:7      | Reached skill level 9 in Axes
  7272 | D:7      | Found a glowing silver altar of Zin.
  7272 | D:7      | Found a glowing golden altar of the Shining One.
  7688 | D:7      | Found an iron altar of Okawaru.
  7699 | D:7      | Reached *** piety under Okawaru
  7912 | D:8      | Found a staircase to the Lair.
  8067 | D:8      | Reached XP level 10. HP: 64/70 MP: 11/15
  8294 | D:8      | You fall into a shaft and drop 2 floors!
  8294 | D:10     | Entered Level 10 of the Dungeon
  8598 | D:9      | Reached skill level 10 in Axes
  8607 | D:8      | Noticed a two-headed ogre
  8618 | D:8      | Reached **** piety under Okawaru
  8624 | D:8      | Killed a two-headed ogre
  9052 | D:7      | Found a shadowy altar of Dithmenos.
  9388 | D:8      | Reached ***** piety under Okawaru
  9400 | D:8      | Reached skill level 11 in Axes
  9643 | D:8      | Found a runed translucent door.
 10121 | D:8      | Found Ylodwac's Distillery.
 10129 | D:8      | Bought a potion of invisibility for 96 gold pieces
 10129 | D:8      | Bought a potion of heal wounds for 60 gold pieces
 10129 | D:8      | Bought a potion of ambrosia for 96 gold pieces
 10129 | D:8      | Bought a potion of cancellation for 96 gold pieces
 10129 | D:8      | Bought a potion of agility for 48 gold pieces
 10149 | D:8      | Found a bloodstained altar of Trog.
 10295 | D:8      | Reached skill level 10 in Invocations
 10295 | D:8      | Reached XP level 11. HP: 57/75 MP: 13/18
 10556 | D:8      | Noticed a two-headed ogre
 10640 | D:9      | Reached skill level 12 in Axes
 11237 | D:9      | Noticed a death knight
 11480 | D:9      | Killed a death knight
 11480 | D:9      | Received a gift from Okawaru
 11775 | D:9      | Found a large runed translucent door.
 11776 | D:9      | Found a large runed translucent door.
 11800 | D:9      | Reached skill level 13 in Axes
 11999 | D:9      | Found a sparkling altar of Nemelex Xobeh.
 12000 | D:9      | Found an opulent altar of Gozag.
 12219 | D:10     | Noticed a two-headed ogre
 12247 | D:10     | Killed a two-headed ogre
 12735 | D:10     | Reached skill level 1 in Evocations
 13233 | D:11     | Noticed a purple ugly thing
 13249 | D:11     | Killed a purple ugly thing
 13418 | D:11     | Received a gift from Okawaru
 13418 | D:11     | Reached XP level 12. HP: 81/81 MP: 19/19
 13421 | D:11     | Got a faintly glowing broad axe {god gift}
 13422 | D:11     | Identified the +1 broad axe of the Dove {elec, Fragile rN++
                  | Str+4 Dex+3} (Okawaru gifted it to you on level 11 of the
                  | Dungeon)
 13801 | D:11     | Reached skill level 14 in Axes
 14275 | D:11     | Reached skill level 5 in Evocations
 14345 | D:11     | Noticed a five-headed hydra
 14353 | D:11     | Killed an eight-headed hydra
 14786 | D:12     | Noticed a two-headed ogre
 14793 | D:12     | Killed a two-headed ogre
 15220 | D:12     | Found a staircase to the Orcish Mines.
 15646 | Orc:1    | Entered Level 1 of the Orcish Mines
 15705 | Orc:2    | Entered Level 2 of the Orcish Mines
 15705 | Orc:2    | Noticed a deep troll
 15718 | Orc:1    | Killed a deep troll
 15849 | Orc:2    | Noticed a two-headed ogre
 15849 | Orc:2    | Noticed a two-headed ogre
 16135 | Orc:2    | Noticed a deep troll
 16138 | Orc:2    | Noticed a two-headed ogre
 16140 | Orc:2    | Killed a two-headed ogre
 16140 | Orc:2    | Reached ****** piety under Okawaru
 16140 | Orc:2    | Slain by a two-headed ogre

Levels and vault maps discovered:
D:1:      ebering_hopf_link, layout_loops_ring, kennysheep_another_room
D:2:      layout_basic, nicolae_ru_awakened_eye,
          nemelex_xobeh_ov_fountains_minmay
D:3:      layout_rooms, uniq_terence, uniq_ijyb, uniq_crazy_yiuf_cottage
D:4:      layout_basic, minmay_temple_entry_gardened_gates, first_ration,
          uniq_duvessa, uniq_edmund
D:5:      layout_gridville, minmay_misc_feat_diagonals, uniq_prince_ribbit1
D:6:      layout_basic, cheibriados_altar_1, tgw_sif, minmay_manual_mares
D:7:      layout_loops_ring, nicolae_overflow_hidden_temple, basic_altar
D:8:      cheibrodos_histonic, layout_loops_ring, bloody_trog, lair_entry_dummy,
          serial_shops, shop, david_nohive_1, hangedman_decor_points
D:9:      layout_roguey, grunt_temple_overflow_opulence, jmf_multi_god_temple2
D:10:     layout_gridville, dk_noncrumbling_4
D:11:     layout_basic
D:12:     layout_cave_pools, minmay_holes
Temple:   oiseaux_autumnal_temple
Orc:1:    layout_diamond_mine, uniq_nergalle, uniq_maurice
Orc:2:    st_orc_open, layout_caves, nicolae_orc_crystal_geode

Skill      XL: |  1  2  3  4  5  6  7  8  9 10 11 12 |
---------------+-------------------------------------+-----
Shields        | 4 5 7 8 9 |  9.1
Axes           | 3 4 5 6 7 9 11 13 14 | 14.7
Invocations    | 1 6 10 | 10.0
Evocations     | 3 7 |  7.6
Fighting       | |  3.2
Armour         | |  3.2

Action                   |  1- 3 |  4- 6 |  7- 9 | 10-12 || total
-------------------------+-------+-------+-------+-------++-------
Melee: War axe           |    86 |   185 |     3 |       ||   274
       Unarmed           |       |     9 |       |       ||     9
       Quarterstaff      |       |    49 |   350 |    12 ||   411
       Broad axe         |       |       |       |   547 ||   547
       Battleaxe         |       |       |       |   150 ||   150
Invok: Heroism           |       |       |     3 |    16 ||    19
       Finesse           |       |       |       |     1 ||     1
 Abil: Shaft Self        |       |       |       |     1 ||     1
Evoke: Wand              |       |       |       |     2 ||     2
       Box of beasts     |       |       |       |     1 ||     1
  Use: Potion            |       |     1 |       |     6 ||     7
       Scroll            |       |       |    10 |    15 ||    25
 Stab: Petrified         |       |       |    17 |       ||    17
       Petrifying        |       |       |     1 |       ||     1
       Paralysed         |       |       |     3 |     1 ||     4
       Invisible         |       |       |       |     1 ||     1
  Eat: Chunk             |     1 |     5 |    14 |    25 ||    45
       Ration            |       |     1 |       |     2 ||     3
Armor: Scale mail        |    44 |   102 |       |       ||   146
       Chain mail        |       |     5 |       |       ||     5
       Plate armour      |       |    27 |   141 |   226 ||   394
Dodge: Dodged            |    27 |    47 |    53 |   152 ||   279
Block: Shield            |    44 |   117 |   257 |   506 ||   924

Table legend:
 A = Non-vault XP
 B = Vault XP
 C = Vault XP percentage of total XP
 D = Non-vault monster count
 E = Vault monster count
 F = Vault count percentage of total count
                 A         B        C        D         E       F
            +---------+---------+-------+---------+---------+-------
      Total |   18655 |    5525 |  22.8 |     289 |      31 |   9.7
            +---------+---------+-------+---------+---------+-------
        D:1 |      31 |       0 |   0.0 |      19 |       0 |   0.0
        D:2 |      79 |       0 |   0.0 |      20 |       0 |   0.0
        D:3 |     115 |     115 |  50.0 |      27 |       3 |  10.0
        D:4 |     191 |     389 |  67.1 |      14 |       3 |  17.6
        D:5 |     656 |     268 |  29.0 |      27 |       1 |   3.6
        D:6 |     726 |     268 |  27.0 |      19 |       3 |  13.6
        D:7 |     873 |       0 |   0.0 |      17 |       0 |   0.0
        D:8 |    2905 |     931 |  24.3 |      31 |      11 |  26.2
        D:9 |    2828 |    1422 |  33.5 |      32 |       4 |  11.1
       D:10 |    1562 |       0 |   0.0 |      10 |       0 |   0.0
       D:11 |    5638 |       0 |   0.0 |      43 |       0 |   0.0
       D:12 |    3051 |       0 |   0.0 |      30 |       0 |   0.0
      Orc:1 |       0 |    1233 | 100.0 |       0 |       5 | 100.0
      Orc:2 |       0 |     899 | 100.0 |       0 |       1 | 100.0
            +---------+---------+-------+---------+---------+-------
